[ PARTIDA AOE2 · #495714698 ]
UnrankedKitán vs Burgundians
Equipo del jugador · VICT
Equipo rival · DERR
[ ANÁLISIS DE REPETICIÓN · EXTRAÍDO DE LA PARTIDA GRABADA ]
Feudal
8:51
Castillos
21:01
Imperial
—
| APM promedio | 62.4 |
| APM pico | 96 |
| eAPM promedio | 33.4 |
| Aldeanos / militares | 115 / 119 |
Foco
⚔️ 37.7% · 🌾 62.3%
Steppe Lancer ×97 · Monk ×11 · Skirmisher ×6 · Archer ×5
Feudal
9:16
Castillos
21:14
Imperial
—
| APM promedio | 60.3 |
| APM pico | 95 |
| eAPM promedio | 31.4 |
| Aldeanos / militares | 81 / 142 |
Foco
⚔️ 37.4% · 🌾 62.6%
Knight ×67 · Flemish Militia ×48 · Monk ×14 · Archer ×8 · Skirmisher ×4 · Spearman ×1
Mapa de la partida
Recursos iniciales + cada clic de construcción. Líneas = muros · curvas = relieve. ◆ oro · ⬟ piedra · ● bayas · ✦ reliquia · ◌ hueco del cierre
Tu base· ✓ Cerrada en 21:01 · 29t muro · 1 puerta(s)
Base de manteldon· Abierta — el rival se encerró
Terreno inicial suavizado · ◌ = hueco del cierre detectado · pasá el cursor para detalles
Inputs por minuto
— HR FabiaN - - manteldon
Build order — HR FabiaN
Primeras 150 de 397 acciones detectadas
| 0:00 | Encolar | Villager (Male) |
| 0:01 | Encolar | Villager (Male) |
| 0:01 | Encolar | Villager (Male) |
| 0:01 | Encolar | Villager (Male) |
| 0:03 | Construir | House |
| 0:04 | Construir | House |
| 1:23 | Encolar | Villager (Male) |
| 1:56 | Construir | Lumber Camp |
| 2:02 | Encolar | Villager (Male) |
| 2:26 | Encolar | Villager (Male) |
| 2:27 | Encolar | Villager (Male) |
| 2:46 | Encolar | Villager (Male) |
| 2:47 | Encolar | Villager (Male) |
| 3:17 | Encolar | Villager (Male) |
| 3:28 | Construir | House |
| 3:29 | Construir | House |
| 3:41 | Encolar | Villager (Male) |
| 3:48 | Encolar | Villager (Male) |
| 3:48 | Encolar | Villager (Male) |
| 4:00 | Encolar | Villager (Male) |
| 4:52 | Encolar | Villager (Male) |
| 5:01 | Encolar | Villager (Male) |
| 5:10 | Encolar | Villager (Male) |
| 5:15 | Construir | Mill |
| 5:37 | Investigar | Loom |
| 5:37 | Investigar | Loom |
| 6:39 | Investigar | Feudal Age |
| 6:44 | Construir | Lumber Camp |
| 7:41 | Construir | Palisade Wall |
| 7:45 | Construir | Palisade Wall |
| 8:19 | Construir | Barracks |
| 8:31 | Encolar | Villager (Male) |
| 8:51 | Edad | Edad Feudal |
| 8:53 | Encolar | Villager (Male) |
| 9:06 | Construir | Archery Range |
| 9:16 | Investigar | Double-Bit Axe |
| 9:16 | Investigar | Double-Bit Axe |
| 9:25 | Construir | Palisade Wall |
| 9:29 | Construir | Palisade Wall |
| 9:35 | Encolar | Villager (Male) |
| 9:46 | Construir | Palisade Wall |
| 9:50 | Encolar | Skirmisher |
| 9:56 | Construir | House |
| 9:56 | Construir | House |
| 9:58 | Construir | Palisade Wall |
| 10:09 | Encolar | Villager (Male) |
| 10:17 | Encolar | Skirmisher |
| 10:26 | Construir | Palisade Wall |
| 10:32 | Construir | Palisade Wall |
| 10:36 | Encolar | Villager (Male) |
| 10:38 | Investigar | Tech 1014 |
| 10:38 | Investigar | Tech 1014 |
| 10:38 | Investigar | Tech 1014 |
| 10:44 | Construir | House |
| 10:45 | Encolar | Villager (Male) |
| 10:51 | Construir | Palisade Wall |
| 11:04 | Construir | House |
| 11:07 | Encolar | Villager (Male) |
| 11:10 | Encolar | Skirmisher |
| 11:16 | Encolar | Villager (Male) |
| 11:18 | Construir | Pasture |
| 11:29 | Encolar | Villager (Male) |
| 11:33 | Encolar | Skirmisher |
| 11:38 | Encolar | Villager (Male) |
| 11:47 | Encolar | Villager (Male) |
| 12:04 | Construir | Palisade Gate |
| 12:09 | Encolar | Skirmisher |
| 12:19 | Encolar | Villager (Male) |
| 12:47 | Encolar | Villager (Male) |
| 12:49 | Construir | House |
| 12:50 | Construir | House |
| 12:51 | Construir | House |
| 12:59 | Construir | Pasture |
| 13:05 | Encolar | Skirmisher |
| 13:14 | Construir | Pasture |
| 13:24 | Construir | House |
| 13:26 | Encolar | Villager (Male) |
| 13:44 | Construir | Mining Camp |
| 13:55 | Encolar | Villager (Male) |
| 14:06 | Encolar | Villager (Male) |
| 14:12 | Construir | Pasture |
| 14:31 | Construir | Pasture |
| 14:33 | Encolar | Villager (Male) |
| 14:38 | Construir | Pasture |
| 14:46 | Encolar | Archer |
| 15:01 | Construir | Pasture |
| 15:05 | Encolar | Archer |
| 15:22 | Encolar | Villager (Male) |
| 15:29 | Encolar | Villager (Male) |
| 15:35 | Construir | Blacksmith |
| 15:45 | Construir | House |
| 15:59 | Construir | Pasture |
| 16:01 | Encolar | Archer |
| 16:14 | Encolar | Archer |
| 16:32 | Construir | Pasture |
| 16:58 | Encolar | Villager (Male) |
| 17:17 | Construir | Pasture |
| 17:26 | Encolar | Archer |
| 17:27 | Encolar | Villager (Male) |
| 17:41 | Investigar | Gold Mining |
| 17:41 | Investigar | Gold Mining |
| 17:41 | Investigar | Gold Mining |
| 17:55 | Construir | Pasture |
| 17:56 | Encolar | Villager (Male) |
| 18:21 | Investigar | Castle Age |
| 18:21 | Investigar | Castle Age |
| 18:26 | Construir | Stable |
| 18:54 | Construir | House |
| 18:59 | Construir | House |
| 19:04 | Investigar | Fletching |
| 19:05 | Investigar | Fletching |
| 19:09 | Construir | House |
| 19:28 | Construir | Palisade Wall |
| 19:43 | Construir | Stable |
| 19:47 | Investigar | Forging |
| 19:50 | Construir | House |
| 21:01 | Edad | Edad de los Castillos |
| 21:02 | Encolar | Steppe Lancer |
| 21:04 | Encolar | Villager (Male) |
| 21:05 | Investigar | Iron Casting |
| 21:05 | Investigar | Iron Casting |
| 21:08 | Encolar | Steppe Lancer |
| 21:11 | Construir | House |
| 21:19 | Construir | House |
| 21:22 | Encolar | Steppe Lancer |
| 21:23 | Encolar | Villager (Male) |
| 21:37 | Encolar | Steppe Lancer |
| 21:38 | Encolar | Villager (Male) |
| 21:41 | Encolar | Villager (Male) |
| 21:44 | Construir | Town Center |
| 21:50 | Encolar | Steppe Lancer |
| 21:55 | Encolar | Steppe Lancer |
| 21:58 | Encolar | Steppe Lancer |
| 22:07 | Investigar | Bodkin Arrow |
| 22:07 | Investigar | Bodkin Arrow |
| 22:07 | Investigar | Bodkin Arrow |
| 22:12 | Encolar | Steppe Lancer |
| 22:12 | Encolar | Villager (Male) |
| 22:22 | Encolar | Steppe Lancer |
| 22:27 | Encolar | Steppe Lancer |
| 22:28 | Encolar | Villager (Male) |
| 22:29 | Encolar | Steppe Lancer |
| 22:31 | Investigar | Bow Saw |
| 22:31 | Investigar | Bow Saw |
| 22:31 | Investigar | Bow Saw |
| 22:41 | Encolar | Villager (Male) |
| 22:47 | Encolar | Steppe Lancer |
| 22:52 | Encolar | Villager (Male) |
| 23:00 | Encolar | Steppe Lancer |
| 23:05 | Encolar | Villager (Male) |
Build order — manteldon
Primeras 150 de 363 acciones detectadas
| 0:01 | Encolar | Villager (Male) |
| 0:01 | Encolar | Villager (Male) |
| 0:01 | Encolar | Villager (Male) |
| 0:01 | Encolar | Villager (Male) |
| 0:02 | Construir | House |
| 0:03 | Construir | House |
| 1:27 | Encolar | Villager (Male) |
| 1:28 | Encolar | Villager (Male) |
| 1:51 | Construir | Lumber Camp |
| 1:59 | Encolar | Villager (Male) |
| 2:00 | Encolar | Villager (Male) |
| 2:24 | Encolar | Villager (Male) |
| 2:25 | Encolar | Villager (Male) |
| 2:25 | Encolar | Villager (Male) |
| 2:25 | Encolar | Villager (Male) |
| 2:59 | Encolar | Villager (Male) |
| 2:59 | Encolar | Villager (Male) |
| 3:26 | Encolar | Villager (Male) |
| 3:35 | Construir | House |
| 3:37 | Construir | House |
| 3:38 | Construir | Palisade Wall |
| 3:39 | Construir | Palisade Wall |
| 3:52 | Encolar | Villager (Male) |
| 3:53 | Encolar | Villager (Male) |
| 4:24 | Encolar | Villager (Male) |
| 4:30 | Investigar | Double-Bit Axe |
| 4:38 | Encolar | Villager (Male) |
| 5:10 | Encolar | Villager (Male) |
| 5:34 | Encolar | Villager (Male) |
| 5:36 | Construir | Mill |
| 5:56 | Encolar | Villager (Male) |
| 6:26 | Investigar | Loom |
| 6:57 | Investigar | Feudal Age |
| 7:31 | Construir | Barracks |
| 7:41 | Construir | Palisade Wall |
| 8:26 | Construir | Mining Camp |
| 8:59 | Construir | House |
| 9:00 | Construir | Palisade Gate |
| 9:03 | Construir | Palisade Wall |
| 9:13 | Construir | House |
| 9:16 | Edad | Edad Feudal |
| 9:23 | Encolar | Villager (Male) |
| 9:29 | Construir | Archery Range |
| 9:34 | Encolar | Flemish Militia |
| 9:34 | Encolar | Flemish Militia |
| 9:40 | Encolar | Villager (Male) |
| 10:02 | Encolar | Spearman |
| 10:06 | Construir | House |
| 10:12 | Encolar | Villager (Male) |
| 10:29 | Encolar | Archer |
| 10:36 | Construir | House |
| 10:37 | Construir | House |
| 10:41 | Encolar | Villager (Male) |
| 10:46 | Investigar | Horse Collar |
| 10:46 | Investigar | Horse Collar |
| 10:57 | Encolar | Archer |
| 11:07 | Construir | Palisade Wall |
| 11:16 | Encolar | Villager (Male) |
| 11:17 | Encolar | Villager (Male) |
| 11:35 | Encolar | Flemish Militia |
| 11:37 | Encolar | Villager (Male) |
| 11:50 | Construir | Blacksmith |
| 12:04 | Encolar | Villager (Male) |
| 12:10 | Construir | Farm |
| 12:16 | Encolar | Archer |
| 12:23 | Encolar | Villager (Male) |
| 12:45 | Encolar | Villager (Male) |
| 12:48 | Construir | Farm |
| 12:49 | Construir | Farm |
| 12:52 | Construir | Farm |
| 13:01 | Encolar | Villager (Male) |
| 13:15 | Construir | Lumber Camp |
| 13:20 | Encolar | Skirmisher |
| 13:22 | Investigar | Fletching |
| 13:22 | Investigar | Fletching |
| 13:26 | Encolar | Flemish Militia |
| 13:32 | Construir | Palisade Wall |
| 13:34 | Construir | Palisade Wall |
| 13:39 | Construir | House |
| 13:41 | Encolar | Villager (Male) |
| 13:44 | Encolar | Villager (Male) |
| 13:47 | Encolar | Archer |
| 13:51 | Construir | House |
| 14:08 | Construir | Farm |
| 14:16 | Encolar | Archer |
| 14:26 | Construir | Farm |
| 14:35 | Construir | Farm |
| 14:46 | Construir | House |
| 14:55 | Encolar | Archer |
| 14:56 | Encolar | Villager (Male) |
| 14:59 | Construir | Farm |
| 15:04 | Construir | Farm |
| 15:10 | Construir | Farm |
| 15:14 | Encolar | Archer |
| 15:19 | Encolar | Villager (Male) |
| 15:26 | Investigar | Wheelbarrow |
| 15:34 | Construir | Farm |
| 15:41 | Encolar | Skirmisher |
| 15:45 | Encolar | Flemish Militia |
| 16:07 | Encolar | Villager (Male) |
| 16:10 | Construir | Farm |
| 16:12 | Construir | Farm |
| 16:37 | Encolar | Villager (Male) |
| 17:01 | Investigar | Arson |
| 17:02 | Investigar | Arson |
| 17:04 | Encolar | Skirmisher |
| 17:14 | Construir | Farm |
| 17:14 | Construir | Farm |
| 17:14 | Construir | Farm |
| 17:15 | Construir | Farm |
| 17:18 | Encolar | Skirmisher |
| 17:30 | Encolar | Villager (Male) |
| 17:33 | Construir | Farm |
| 17:45 | Construir | Farm |
| 17:52 | Encolar | Villager (Male) |
| 17:58 | Construir | Farm |
| 18:07 | Construir | Farm |
| 18:12 | Construir | House |
| 18:13 | Construir | House |
| 18:34 | Investigar | Castle Age |
| 18:34 | Investigar | Castle Age |
| 18:35 | Investigar | Castle Age |
| 19:19 | Investigar | Padded Archer Armor |
| 19:27 | Construir | Stable |
| 19:33 | Construir | Stable |
| 19:36 | Encolar | Archer |
| 19:43 | Investigar | Scale Barding Armor |
| 19:43 | Investigar | Scale Barding Armor |
| 20:20 | Investigar | Gold Mining |
| 20:20 | Investigar | Gold Mining |
| 21:14 | Edad | Edad de los Castillos |
| 21:20 | Encolar | Knight |
| 21:20 | Encolar | Knight |
| 21:21 | Encolar | Villager (Male) |
| 21:27 | Construir | Town Center |
| 21:49 | Investigar | Cavalier (upgrade) |
| 21:49 | Encolar | Villager (Male) |
| 21:50 | Investigar | Bow Saw |
| 21:51 | Investigar | Bow Saw |
| 21:51 | Investigar | Bow Saw |
| 21:52 | Encolar | Villager (Male) |
| 22:05 | Encolar | Knight |
| 22:05 | Encolar | Knight |
| 22:06 | Encolar | Knight |
| 22:08 | Investigar | Gold Shaft Mining |
| 22:08 | Investigar | Gold Shaft Mining |
| 22:09 | Investigar | Gold Shaft Mining |
| 22:09 | Encolar | Villager (Male) |
| 22:35 | Encolar | Villager (Male) |
| 22:35 | Encolar | Villager (Male) |
Cronología de la partida
| 3:38 | manteldon · wall_segment Palisade Wall x1 |
| 3:39 | manteldon · wall_segment Palisade Wall x1 |
| 7:31 | manteldon · first_building Barracks |
| 7:41 | HR FabiaN · wall_segment Palisade Wall x1 |
| 7:41 | manteldon · wall_segment Palisade Wall x1 |
| 7:45 | HR FabiaN · wall_segment Palisade Wall x1 |
| 8:19 | HR FabiaN · first_building Barracks |
| 8:51 | HR FabiaN · age_up feudal |
| 9:03 | manteldon · wall_segment Palisade Wall x1 |
| 9:06 | HR FabiaN · first_building Archery Range |
| 9:16 | manteldon · age_up feudal |
| 9:25 | HR FabiaN · wall_segment Palisade Wall x1 |
| 9:29 | HR FabiaN · wall_segment Palisade Wall x1 |
| 9:29 | manteldon · first_building Archery Range |
| 9:46 | HR FabiaN · wall_segment Palisade Wall x6 |
| 9:58 | HR FabiaN · wall_segment Palisade Wall x3 |
| 10:26 | HR FabiaN · wall_segment Palisade Wall x4 |
| 10:32 | HR FabiaN · wall_segment Palisade Wall x1 |
| 10:51 | HR FabiaN · wall_segment Palisade Wall x8 |
| 11:07 | manteldon · wall_segment Palisade Wall x12 |
| 13:32 | manteldon · wall_segment Palisade Wall x9 |
| 13:34 | manteldon · wall_segment Palisade Wall x5 |
| 18:26 | HR FabiaN · first_building Stable |
| 19:27 | manteldon · first_building Stable |
| 19:28 | HR FabiaN · wall_segment Palisade Wall x5 |
| 21:01 | HR FabiaN · age_up castle |
| 21:14 | manteldon · age_up castle |
| 22:39 | manteldon · first_building Monastery |
| 24:00 | HR FabiaN · first_building Monastery |
| 25:57 | manteldon · wall_segment Palisade Wall x1 |
| 26:23 | manteldon · wall_segment Palisade Wall x1 |
| 26:23 | manteldon · wall_segment Palisade Wall x1 |
| 28:44 | HR FabiaN · first_market_buy 100 food |
| 29:45 | manteldon · wall_segment Palisade Wall x1 |
| 33:35 | manteldon · first_market_sell 500 wood |
| 35:00 | manteldon · resign |
[ ANÁLISIS IA · 1 CRÉDITO ]
¿Qué pasó realmente en esta partida?
Wolo.gg analiza cada decisión: build order, eco, micro, errores típicos por bracket. Análisis personalizado por WhatsApp o Discord en 30 segundos.
Guía civ
Kitán
Perfil
FabiaN